 Dungeon Sprint DCSS version 0.30.0-17-ge0270778cf (webtiles) character file.

Game seed: 17153732070011931119

19 boopmooplesden the Poker (level 2, -6/42 HPs)
             Began as a Minotaur Berserker on May 22, 2023.
             Was a Priest of Trog.
             Mangled by a gnoll sergeant
             ... wielding a +0 trident
              (11 damage)
             ... in the Dungeon (Sprint IX: "|||||||||||||||||||||||||||||").
             The game lasted 00:00:12 (295 turns).

boopmooplesden the Poker (Minotaur Berserker)        Turns: 295, Time: 00:00:12

Health: -6/42      AC:  2    Str: 21    XL:     2   Next: 55%
Magic:  1/1        EV: 12    Int:  4    God:    Trog [***...]
Gold:   0          SH:  0    Dex:  9    Spells: 1/1 levels left

rFire   . . .        a - +0 spear
rCold   . . .        (no shield)
rNeg    . . .        b - +0 animal skin
rPois   .            (helmet restricted)
rElec   .            (no cloak)
rCorr   .            (no gloves)
SInv    .            (no boots)
Will    .....        (no amulet) Stlth
                     (no ring)
HPRegen 0.27/turn    (no ring)
MPRegen 0.07/turn

%: no teleportation
@: berserking (expiring), very quick
A: horns 2, retaliatory headbutt
a: Renounce Religion, Berserk, Trog's Hand


You were in the Dungeon.
You worshipped Trog.
Trog was most pleased with you.
You visited 1 branch

Inventory:

Hand Weapons
 a - a +0 spear (weapon)
Armour
 b - a +0 animal skin (worn)
Scrolls
 h - a scroll of blinking
Potions
 c - a potion of curing
 d - a potion of heal wounds
 e - a potion of haste
 f - 2 potions of magic
 g - a potion of berserk rage


   Skills:
 + Level 4.7 Fighting
 + Level 5.7 Polearms
 + Level 2.7 Armour
 + Level 3.4 Dodging


You had one spell level left.
You didn't know any spells.
Your spell library was empty.

Dungeon Overview and Level Annotations

Branches:
Dungeon (1/1)

Altars:


Innate Abilities, Weirdness & Mutations

You have a pair of horns on your head.
You reflexively headbutt those who attack you in melee.


Message History

You barely miss the orc.
The orc is moderately wounded.
You barely miss the orc. Your headbutt misses the orc.
The orc is moderately wounded.
The orc barely misses you.
You hit the orc. You headbutt the orc.
You kill the orc!
Trog accepts your kill.
You hit the scorpion but do no damage. You hit the scorpion.
The scorpion is lightly wounded.
The scorpion stings you but does no damage.
You hit the scorpion.
The scorpion is heavily wounded.
The gnoll sergeant hits you from afar with a +0 trident.
The scorpion stings you.
You barely miss the scorpion.
The scorpion is heavily wounded.
You barely miss the scorpion.
The scorpion is heavily wounded.
The gnoll sergeant barely misses you. The scorpion stings you!
You closely miss the scorpion.
The scorpion is heavily wounded.
You hit the scorpion.
The scorpion is severely wounded.
The scorpion closely misses you.
The gnoll sergeant hits you from afar with a +0 trident!
You hit the scorpion.
The scorpion is severely wounded.
The scorpion stings you.
* * * LOW HITPOINT WARNING * * *
The gnoll sergeant hits you from afar with a +0 trident.
* * * LOW HITPOINT WARNING * * *
You hit the scorpion. Your headbutt misses the scorpion.
The scorpion is almost dead.
You hit the scorpion.
You kill the scorpion!
Trog accepts your kill.
The gnoll sergeant hits you from afar with a +0 trident!
You die... ▓▓▓▓▓▓▓▓▓▓▓▓▓▓▓▓▓▓ +....g)@.))÷'...<▓ ▓▓▓▓▓▓▓▓▓▓▓▓▓▓▓▓▓▓

You could see a gnoll sergeant.

Vanquished Creatures
  A scorpion (D)
  An adder (D)
  A dart slug (D)
  2 orcs (D)
  2 kobolds (D)
  A bat (D)
  A frilled lizard (D)
9 creatures vanquished.

Notes
Turn   | Place    | Note
-------+----------+-------------------------------------------
     0 | D        | boopmooplesden the Minotaur Berserker began the quest for
                  | the Orb.
     0 | D        | Reached XP level 1. HP: 19/19 MP: 0/0
    18 | D        | Reached skill level 4 in Polearms
    18 | D        | Reached ** piety under Trog
   271 | D        | Noticed a gnoll sergeant
   271 | D        | Noticed a scorpion
   275 | D        | Reached XP level 2. HP: 28/28 MP: 1/1
   278 | D        | Reached *** piety under Trog
   279 | D        | Reached skill level 5 in Polearms
   295 | D        | Killed a scorpion
   295 | D        | Mangled by a gnoll sergeant

Illustrated notes

Levels and vault maps discovered:
D:        linesprint [early_d, line_temple, items_1, d_10, items_2, lair_1,
          lair_end, items_3, orc_1, orc_end, items_4, d_15, swamp_1, shoals_1,
          snake_1, spider_1, d_20, vaults_1, items_5, swamp_end, shoals_end,
          snake_end, spider_end, vaults_end, d_27, items_6, zot_1, zot_end,
          crypt_end, forest_end, elf_end, slime_end, tomb_end, abyss_end,
          pan_hell_end]

Skill      XL: |  1  2 |
---------------+-------+-----
Polearms       | 4 5 |  5.7
Dodging        | 3 |  3.4
Fighting       | 4 |  4.7
Armour         | |  2.7

Action                     || total
---------------------------++-------
  Melee: Spear             ||    46
         Headbutt          ||     3
 Invoke: Berserk           ||     1
 Armour: Animal skin       ||     5
  Dodge: Dodged            ||    17
